 Dungeon Crawl Stone Soup version 0.32-a0-411-g744942f433 (webtiles) character file.

Game seed: 8899484594443308016

51 croobank the Chiller (level 3, -1/24 HPs)
             Began as a Demonspawn Ice Elementalist on Feb 20, 2024.
             Was a Follower of Cheibriados.
             Slain by a black bear (3 damage)
             ... on level 2 of the Dungeon.
             The game lasted 00:04:29 (1195 turns).

croobank the Chiller (Demonspawn Ice Elementalist)  Turns: 1195, Time: 00:04:30

Health: -1/24      AC:  2    Str: 11    XL:     3   Next: 57%
Magic:  1/6        EV: 12    Int: 20    God:    Cheibriados [*.....]
Gold:   28         SH:  0    Dex: 16    Spells: 2/6 levels left

rFire   . . .        c - +1 dagger
rCold   . . .        (no shield)
rNeg    . . .        a - +0 robe
rPois   .            (no helmet)
rElec   .            (no cloak)
rCorr   .            (no gloves)
SInv    .            (no boots)
Will    .....        p - amulet of faith
Stlth   ++           d - ring of wizardry
HPRegen 0.24/turn    (no ring)
MPRegen 0.10/turn

%: faith, wizardry (x1)
@: very slow
A: foul stench 1
a: Renounce Religion, Bend Time


You were on level 2 of the Dungeon.
You worshipped Cheibriados.
Cheibriados was aware of your devotion.
You visited 1 branch of the dungeon, and saw 2 of its levels.

You collected 28 gold pieces.

Inventory:

Hand Weapons
 c - a +1 dagger (weapon)
Missiles
 n - 6 boomerangs
Armour
 a - a +0 robe (worn)
Jewellery
 d - a ring of wizardry (left hand)
 p - an amulet of faith (around neck)
Scrolls
 j - a scroll of vulnerability {unknown}
 l - a scroll of enchant armour {unknown}
 q - a scroll of poison {unknown}
Potions
 b - a potion of magic
 f - a potion of resistance {unknown}
 g - a potion of lignification {unknown}
 i - a potion of mutation {unknown}
 k - a potion of brilliance {unknown}
 m - a potion of heal wounds {unknown}
 o - 2 potions of enlightenment {unknown}


   Skills:
 + Level 0.1 Fighting
 + Level 2.3 Dodging
 + Level 2.4 Stealth
 + Level 2.4 Spellcasting
 + Level 3.9 Ice Magic
 + Level 0.3 Invocations


You had 2 spell levels left.
You knew the following spells:

 Your Spells              Type           Power      Damage    Failure   Level
a - Freeze                Ice            72%        1d8       1%          1
b - Frozen Ramparts       Ice            36%        1d6       3%          3

Your spell library contained the following spells:

 Spells                   Type           Power      Damage    Failure   Level
 Ozocubu's Armour         Ice            18%        N/A       3%          3
 Summon Ice Beast         Ice/Summ       10%        N/A       9%          3


Dungeon Overview and Level Annotations

Branches:
Dungeon (2/15)

Altars:
Cheibriados

Annotations:
D:2 Terence


Innate Abilities, Weirdness & Mutations

You may rarely emit foul miasma when damaged in melee.


Message History

Confirm with . or Enter, or press ? or * to list all spells.
Aiming: Freeze (safe; 1% risk of failure)
Press: ? - help, Shift-Dir - straight line, f/p - black bear
Aim: a black bear (lightly wounded)
You freeze the black bear.
The black bear is moderately wounded.
The wall freezes the black bear.
The black bear bites you but does no damage.
The black bear claws you. The black bear closely misses you.
Casting: Freeze (safe; 1% risk of failure)
Confirm with . or Enter, or press ? or * to list all spells.
Aiming: Freeze (safe; 1% risk of failure)
Press: ? - help, Shift-Dir - straight line, f/p - black bear
Aim: a black bear (moderately wounded)
You freeze the black bear.
The black bear is heavily wounded.
The frozen ramparts melt away.
The frilled lizard bites you. The black bear bites you.
The black bear misses you. The black bear claws you.
You hit the black bear.
The black bear is severely wounded.
The frilled lizard bites you but does no damage.
The black bear goes berserk!
You hit the black bear but do no damage.
The black bear is severely wounded.
The black bear bites you but does no damage.
The black bear claws you but does no damage.
The black bear barely misses you. The frilled lizard closely misses you.
The black bear barely misses you. The black bear closely misses you. x2
As you read the scroll labelled POWATO VOMP, it crumbles to dust.
Your body is wracked with pain!
* * * LOW HITPOINT WARNING * * *
The black bear convulses!
Terence convulses!
The bat convulses!
The quokka convulses!
It was a scroll of torment.
The bat hits you.
* * * LOW HITPOINT WARNING * * *
The bat misses you. The frilled lizard barely misses you.
The black bear bites you.
* * * LOW HITPOINT WARNING * * *
The black bear claws you.
You die...
Cheibriados appreciates the motionlessness of death.

.....######.#..........
.........##.#?..........
......#...#.#>..........
......#.....#.......<...
......#.................
#.###.#................
..###.#....#......r.##..
....#.#.........@lJ....#
....#.#.........@#..#..
....#.#####..#.bh..(:...
....#.... #.............
....#####.#........#....
...... .#...#..#.# ...
...... #..#.....# ##
..... .... ...... . .#.
....####


You could see a black bear (berserk), Terence, an endoplasm, a quokka, a bat and
a frilled lizard.

Vanquished Creatures
  A dart slug (D:1)
  6 endoplasms
  A goblin (D:1)
  4 hobgoblins
  4 jackals (D:1)
  A kobold (D:1)
  5 bats
  A frilled lizard (D:2)
  3 rats (D:1)
26 creatures vanquished.

Notes
Turn   | Place    | Note
-------+----------+-------------------------------------------
     0 | D:1      | croobank the Demonspawn Ice Elementalist began the quest
                  | for the Orb.
     0 | D:1      | Reached XP level 1. HP: 13/13 MP: 3/3
   158 | D:1      | Gained mutation: You may rarely emit foul miasma when
                  | damaged in melee. [demonic ancestry]
   158 | D:1      | Reached XP level 2. HP: 19/19 MP: 1/5
   456 | D:1      | Reached XP level 3. HP: 23/24 MP: 3/6
   464 | D:1      | Learned a level 3 spell: Frozen Ramparts
   776 | D:1      | Found a faded altar of an unknown god.
   788 | D:1      | Prayed at the altar of an unknown god.
   788 | D:1      | Became a worshipper of Cheibriados the Contemplative
   788 | D:1      | Reached * piety under Cheibriados
  1184 | D:2      | Noticed a black bear
  1188 | D:2      | Noticed Terence
  1195 | D:2      | Slain by a black bear

Illustrated notes

Levels and vault maps discovered:
D:1:      dpeg_arrival_rooms_c, layout_loops_cross,
          chequers_ecumenical_altar_grove, corner_web_ring, minmay_misc_feat_x
D:2:      layout_rooms, serial_co_window_serial, co_window_corner_a,
          co_window_paths_b, co_window_corner_a, co_window_paths_a,
          co_window_paths_a, co_window_paths_a, co_window_cross_2,
          co_window_corner_b, co_window_broadway_c, co_window_corner_b,
          co_window_sun, co_window_4corner_b, glass_columns_a, glass_columns_b,
          uniq_jessica, uniq_terence

Skill      XL: |  1 |
---------------+----+-----
Stealth        | 2 |  2.4
Dodging        | 2 |  2.3
Fighting       | |  0.1
Spellcasting   | |  2.4
Ice Magic      | |  3.9
Invocations    | |  0.3

Action                     || total
---------------------------++-------
  Melee: Dagger            ||    33
   Cast: Freeze            ||    31
         Frozen Ramparts   ||     2
    Use: Scroll            ||     2
   Stab: Sleeping          ||     3
 Armour: Robe              ||    50
  Dodge: Dodged            ||    24

Table legend: (Time is in decaauts)
 A = Elapsed time spent in this place.
 B = Non-inter-level travel time spent in this place.
 C = Inter-level travel time spent in this place.
 D = Time resting spent in this place.
 E = Time spent auto-exploring this place.
 F = Levels seen in this place.
 G = Mean time per level.
                   A        B        C        D        E       F      G
               +--------+--------+--------+--------+--------+-----+--------+
         Total |   1328 |   1230 |     98 |    104 |    883 |   2 |  664.0 |
       Dungeon |   1328 |   1230 |     98 |    104 |    883 |   2 |  664.0 |
               +--------+--------+--------+--------+--------+-----+--------+

Top non-repeatable levels by time:
     D:1: 1207 daAuts
     D:2: 121 daAuts
